 Dungeon Crawl Stone Soup version 0.29.1-2-gbd0b4ee654 (webtiles) character file.

Game seed: 18212836137687604521

256 NinjaNoafa the Covered (level 5, -4/47 HPs)
             Began as a Minotaur Fighter on Nov 16, 2022.
             Slain by an iguana (7 damage)
             ... on level 4 of the Dungeon.
             The game lasted 00:03:52 (3026 turns).

NinjaNoafa the Covered (Minotaur Fighter)           Turns: 3026, Time: 00:03:53

Health: -4/47      AC: 12    Str: 21 (22) XL:     5   Next: 92%
Magic:  4/4        EV:  6    Int:  5      God:
Gold:   162        SH:  4    Dex:  9 (10) Spells: 4/4 levels left

rFire   . . .      SeeInvis .   a - +0 flail
rCold   . . .      Faith    .   c - +0 buckler
rNeg    . . .      Spirit   .   g - +0 plate armour
rPois   .          Reflect  .   (helmet restricted)
rElec   .          Harm     .   (no cloak)
rCorr   .          Rampage  .   (no gloves)
Will    .....                   (no boots)
Stlth   ..........              (no amulet)
HPRegen 0.15/turn               (no ring)
MPRegen 0.09/turn               (no ring)

@: no status effects
A: horns 2, retaliatory headbutt
a: no special abilities


You were on level 4 of the Dungeon.
You visited 1 branch of the dungeon, and saw 4 of its levels.

You collected 162 gold pieces.

Inventory:

Hand Weapons
 a - a +0 flail (weapon)
Missiles
 l - 20 stones (quivered)
Armour
 c - a +0 buckler (worn)
 g - a +0 plate armour (worn)
Jewellery
 o - a ring of poison resistance
Scrolls
 b - 3 scrolls of magic mapping {unknown}
 e - 4 scrolls of teleportation {unknown}
 f - a scroll of enchant armour {unknown}
 i - a scroll of immolation {unknown}
 j - a scroll of fear {unknown}
 k - a scroll of noise {unknown}
 m - a scroll of vulnerability {unknown}
 p - a scroll of amnesia {unknown}
 q - a scroll of fog {unknown}
 s - 2 scrolls of enchant weapon {unknown}
Potions
 n - a potion of berserk rage {unknown}


   Skills:
 + Level 4.7 Fighting
 + Level 3.0(4.0) Axes
 + Level 4.0(4.5) Maces & Flails
 + Level 4.8 Armour
 + Level 4.8 Shields


You had 4 spell levels left.
You didn't know any spells.
Your spell library contained the following spells:

 Spells                   Type           Power      Damage    Failure   Level
 Sting                    Tmut/Pois      0%         1d3       100%        1
 Ensorcelled Hibernation  Hex/Ice        0%         N/A       100%        2
 Passwall                 Tmut/Erth      0%         N/A       100%        2
 Poisonous Vapours        Pois/Air       0%         N/A       100%        2
 Call Canine Familiar     Summ           0%         N/A       100%        3
 Ozocubu's Armour         Ice            0%         N/A       100%        3
 Portal Projectile        Hex/Tloc       0%         N/A       100%        3
 Swiftness                Air            0%         N/A       100%        3
 Leda's Liquefaction      Hex/Erth       0%         N/A       100%        4
 Olgreb's Toxic Radiance  Pois           0%         N/A       100%        4
 Ozocubu's Refrigeration  Ice            0%         4d7       100%        7


Dungeon Overview and Level Annotations

Branches:
Dungeon (4/15)
 Temple: D:4-7

Altars:
Dithmenos


Innate Abilities, Weirdness & Mutations

You have a pair of horns on your head.
You reflexively headbutt those who attack you in melee.


Message History

You throw a javelin. The javelin closely misses the iguana.
The iguana bites you but does no damage. x2
You closely miss the iguana.
The iguana is lightly wounded.
The iguana bites you!
You barely miss the iguana.
The iguana is lightly wounded.
The iguana bites you but does no damage.
You sock the iguana!
The iguana is severely wounded.
The iguana bites you but does no damage.
You hit the iguana but do no damage. Your headbutt misses the iguana.
The iguana is severely wounded.
The iguana bites you.
The iguana bites you but does no damage.
You closely miss the iguana.
The iguana is severely wounded.
The iguana bites you.
You completely miss the iguana.
The iguana is severely wounded.
The iguana bites you.
* * * LOW HITPOINT WARNING * * *
You closely miss the iguana.
The iguana is severely wounded.
The iguana completely misses you.
Throw: javelin
Press: ? - help, Q - select action, (/) - cycle Shift-Dir - straight line, f/p - iguana
Aim: an iguana (severely wounded, 60% to hit)
You throw a javelin.
The javelin pierces through the iguana but does no damage.
The iguana is severely wounded.
You block the iguana's attack. The iguana bites you!
* * * LOW HITPOINT WARNING * * *
The iguana attacks as you move away! You block the iguana's attack.
The iguana attacks as you move away! You block the iguana's attack.
The iguana attacks as you move away!
The iguana bites you but does no damage.
Okay, then.
The iguana attacks as you move away! The iguana bites you!
You die...

#...#.##.# #.#...##.# ..
#.....##.# #.#
...#..##.#. #.#
.#.......#.##.#
.##..#####.##.# ..#..#
#.##.# .....#
#.##.######.###
.(...#####.##..l@.......
.(.........##.#########.
..............#
.....#(.......#
..#...........#
..#...........#
.................
.#####.?......##.. .
#........# .


You could see an iguana.

Vanquished Creatures
  An ogre (D:4)
  An iguana (D:4)
  4 gnolls (D:3)
  3 adders
  A worm (D:3)
  5 orcs (D:3)
  7 endoplasms
  4 giant cockroaches (D:1)
  4 goblins
  8 hobgoblins
  3 jackals (D:3)
  5 quokkas
  4 ball pythons
  4 bats (D:1)
  2 frilled lizards
  6 kobolds
  3 rats (D:1)
65 creatures vanquished.

Notes
Turn   | Place    | Note
-------+----------+-------------------------------------------
     0 | D:1      | NinjaNoafa the Minotaur Fighter began the quest for the
                  | Orb.
     0 | D:1      | Reached XP level 1. HP: 19/19 MP: 0/0
   313 | D:1      | Reached skill level 1 in Axes
   378 | D:1      | Reached XP level 2. HP: 27/27 MP: 1/1
   644 | D:1      | Reached XP level 3. HP: 31/33 MP: 2/2
  1821 | D:3      | Reached XP level 4. HP: 29/40 MP: 3/3
  2613 | D:3      | Found a shadowy altar of Dithmenos.
  2631 | D:3      | Reached XP level 5. HP: 35/47 MP: 4/4
  2904 | D:4      | Noticed an ogre
  2911 | D:4      | Killed an ogre
  3019 | D:4      | HP: 2/47 [iguana (11)]
  3026 | D:4      | Slain by an iguana

Illustrated notes

Levels and vault maps discovered:
D:1:      lightli_iron_boxes, layout_basic, minmay_tiny_reverse_x
D:2:      layout_loops_ring, nicolae_figureground_sparkle
D:3:      layout_loops_corners, grunt_dithmenos_smoke
D:4:      layout_loops_ring, elyvilon_altar_4, uniq_eustachio

Skill      XL: |  1  2  3  4  5 |
---------------+----------------+-----
Axes           | 1 2 3 |  3.0
Maces & Flails | 3 4 |  4.0
Shields        | 4 |  4.8
Fighting       | 4 |  4.7
Armour         | 4 |  4.8

Action                   |  1- 3 |  4- 6 || total
-------------------------+-------+-------++-------
Melee: Flail             |    95 |    70 ||   165
       Headbutt          |    11 |    18 ||    29
Throw: Javelin           |     8 |     5 ||    13
  Use: Potion            |     5 |     1 ||     6
Armor: Scale mail        |    22 |       ||    22
       Plate armour      |    51 |    45 ||    96
Dodge: Dodged            |    51 |     6 ||    57
Block: Buckler           |    28 |    14 ||    42
